 Dungeon Crawl Stone Soup version 0.28.0-1-gb440e238dd (webtiles) character file.

Game seed: 8684222382270585388

122 issech the Cudgeller (level 4, -1/45 HPs)
             Began as a Troll Monk on Feb 24, 2022.
             Slain by a goblin (3 damage)
             ... led by Robin
             ... on level 3 of the Dungeon.
             The game lasted 00:06:52 (1979 turns).

issech the Cudgeller (Troll Monk)                   Turns: 1979, Time: 00:06:53

Health: -1/45      AC:  4    Str: 19    XL:     4   Next: 78%
Magic:  3/3        EV: 10    Int:  6    God:
Gold:   138        SH:  0    Dex: 14    Spells: 3/3 levels left

rFire   . . .      SeeInvis .   a - +0 mace
rCold   . . .      Faith    .   (no shield)
rNeg    . . .      Spirit   .   b - +0 robe
rPois   .          Reflect  .   (helmet restricted)
rElec   .          Harm     .   (no cloak)
rCorr   .          Rampage  .   (gloves unavailable)
Will    .....                   (boots unavailable)
Stlth   ++........              (no amulet)
HPRegen 0.95/turn               (no ring)
MPRegen 0.08/turn               (no ring)

@: no status effects
A: large, unfitting armour, claws 3, regeneration 1, shaggy fur 1, tough skin 1
a: no special abilities


You were on level 3 of the Dungeon.
You visited 1 branch of the dungeon, and saw 3 of its levels.

You collected 138 gold pieces.

Inventory:

Hand Weapons
 a - a +0 mace (weapon)
 f - a +0 hunting sling
 g - a +0 dagger of speed
Missiles
 d - 66 stones
 i - 36 arrows
 p - 6 poisoned darts
 r - 5 large rocks (quivered)
Armour
 b - a +0 robe (worn)
Scrolls
 c - a scroll of summoning {unknown}
 h - a scroll of acquirement {unknown}
 j - a scroll of enchant weapon {unknown}
 k - a scroll of amnesia
 l - 3 scrolls of blinking
 n - a scroll of brand weapon
 q - a scroll of teleportation {unknown}
Potions
 e - 2 potions of flight {unknown}
 m - a potion of heal wounds {unknown}
 o - 2 potions of magic {unknown}


   Skills:
 + Level 3.0 Fighting
 + Level 3.9 Maces & Flails
 + Level 3.1 Dodging
 + Level 1.1 Stealth


You had 3 spell levels left.
You didn't know any spells.
Your spell library was empty.

Dungeon Overview and Level Annotations

Branches:
Dungeon (3/15)

Altars:

Annotations:
D:2 Robin


Innate Abilities, Weirdness & Mutations

You are too large for most types of armour.
You have claws for hands.
Your natural rate of healing is unusually fast.
You are covered in fur. (AC +1)
You have tough skin. (AC +1)


Message History

There is a stone staircase leading down here.
Things that are here:
a +0 dagger; a goblin corpse You closely miss the goblin.
The goblin hits you but does no damage.
The goblin barely misses you. x2; The goblin hits you but does no damage.
The goblin barely misses you.
You hit the goblin.
You kill the goblin!
The goblin closely misses you. The goblin hits you with a +0 club.
The goblin hits you but does no damage. The goblin hits you with a +0 club.
The goblin barely misses you. The goblin hits you with a +0 club.
You barely miss the goblin. The goblin hits you but does no damage.
The goblin closely misses you. The goblin hits you with a +0 club.
The goblin closely misses you. The goblin hits you with a +0 dagger.
The goblin hits you but does no damage.
You barely miss the goblin. The goblin hits you with a +0 club.
The goblin closely misses you. The goblin barely misses you.
The goblin completely misses you.
You hit the goblin.
The goblin is moderately wounded.
The goblin completely misses you. The goblin hits you with a +0 club.
The goblin hits you with a +0 dagger.
* * * LOW HITPOINT WARNING * * *
Robin throws the goblin at you! The goblin closely misses you.
The goblin barely misses you. The goblin closely misses you.
The goblin barely misses you. The goblin hits you with a +0 club.
* * * LOW HITPOINT WARNING * * *
You climb downwards.
The hobgoblin closely misses you. The goblin hits you with a +0 club.
* * * LOW HITPOINT WARNING * * *
The goblin hits you with a +0 dagger.
* * * LOW HITPOINT WARNING * * *
The hobgoblin misses you. The goblin hits you with a +0 dagger.
* * * LOW HITPOINT WARNING * * *
The goblin hits you but does no damage.
There is a stone staircase leading up, spattered with blood here.
The goblin closely misses you. The goblin hits you with a +0 dagger.
* * * LOW HITPOINT WARNING * * *
The rat closely misses you. The goblin hits you with a +0 dagger.
You die...

###########
......ggg@##
......gggr.#
........gg..#
..............#
..$.........#...
............####
............#
...........##
...$......##


You could see a hobgoblin (strong), 7 goblins and a rat.

Vanquished Creatures
  Terence (D:2)
  4 adders (D:2)
  A worm (D:2)
  A dart slug (D:1)
  7 bats
  4 endoplasms
  8 goblins
  3 hobgoblins
  4 jackals (D:1)
  A quokka (D:1)
  6 ball pythons
  2 frilled lizards
  6 kobolds
  5 rats
53 creatures vanquished.

Notes
Turn   | Place    | Note
-------+----------+-------------------------------------------
     0 | D:1      | issech the Troll Monk began the quest for the Orb.
     0 | D:1      | Reached XP level 1. HP: 22/22 MP: 0/0
   124 | D:1      | Reached XP level 2. HP: 26/29 MP: 1/1
   269 | D:1      | Found a faded altar of an unknown god.
   804 | D:1      | Reached XP level 3. HP: 36/36 MP: 2/2
  1319 | D:2      | Reached XP level 4. HP: 44/44 MP: 3/3
  1525 | D:2      | Noticed Terence
  1559 | D:2      | Killed Terence
  1951 | D:3      | Noticed Robin
  1977 | D:3      | HP: 1/45 [goblin[Robin] (2)]
  1979 | D:3      | Slain by a goblin

Illustrated notes

Levels and vault maps discovered:
D:1:      kennysheep_arrival_seaside, layout_basic, basic_ecumenical_altar,
          minmay_nonomino_d4
D:2:      layout_loops_ring, kennysheep_path_1, uniq_terence
D:3:      gammafunk_steamed_eel, layout_rooms,
          mainiacjoe_overflow_cross_hatched,
          wander_ebering_terrifying_dragon_lair, uniq_robin

Skill      XL: |  1  2  3  4 |
---------------+-------------+-----
Maces & Flails | 3 |  3.9
Dodging        | 3 |  3.1
Fighting       | 3 |  3.0
Stealth        | |  1.1

Action                   |  1- 3 |  4- 6 || total
-------------------------+-------+-------++-------
Melee: Mace              |   133 |    63 ||   196
       Punch             |     2 |     1 ||     3
  Use: Scroll            |     3 |       ||     3
 Stab: Sleeping          |     3 |       ||     3
Armor: Robe              |    74 |    42 ||   116
Dodge: Dodged            |   129 |    58 ||   187
